 Dungeon Crawl Stone Soup version 0.27-a0-346-ga689d4a613 (webtiles) character file.

Game seed: 7630854125690690201

217 foci the Chopper (level 5, -2/33 HPs)
             Began as a Gargoyle Fighter on Feb 15, 2021.
             Killed from afar by an orc wizard (6 damage)
             ... with a puff of flame
             ... on level 4 of the Dungeon.
             The game lasted 00:04:34 (3406 turns).

foci the Chopper (Gargoyle Fighter)                 Turns: 3406, Time: 00:04:36

Health: -2/33      AC: 15    Str: 19    XL:     5   Next: 94%
Magic:  0/5        EV:  7    Int: 15    God:
Gold:   225        SH:  9    Dex: 10    Spells: 4/4 levels left

rFire    . . .     SeeInvis .   a - +0 war axe
rCold    . . .     Faith    .   c - +0 kite shield
rNeg     + . .     Spirit   +   u - +2 scale mail {rPois}
rPois    ∞         Reflect  .   h - +0 helmet
rElec    +         Harm     .   (no cloak)
rCorr    .         Rampage  .   v - +0 pair of gloves
Will     +....                  (no boots)
Stlth    ..........             b - amulet of guardian spirit
HPRegen  0.11/turn              o - +6 ring of intelligence
MPRegen  0.09/turn              r - ring of willpower

@: no status effects
A: negative energy resistance 1, electricity resistance, unbreathing,
petrification resistance, miasma immunity, AC +4
a: no special abilities


You were on level 4 of the Dungeon.
You visited 1 branch of the dungeon, and saw 4 of its levels.

You collected 225 gold pieces.

Inventory:

Hand Weapons
 a - a +0 war axe (weapon)
Armour
 c - a +0 kite shield (worn)
 h - a +0 helmet (worn)
 u - a +2 scale mail of poison resistance (worn)
 v - a +0 pair of gloves (worn)
Jewellery
 b - an amulet of guardian spirit (around neck)
 o - a +6 ring of intelligence (left hand)
 r - a ring of willpower (right hand)
Wands
 k - a wand of flame (13)
 t - a wand of mindburst (16)
Scrolls
 e - 6 scrolls of identify {unknown}
 i - a scroll of immolation {unknown}
 j - 2 scrolls of amnesia {unknown}
 l - 2 scrolls of enchant armour {unknown}
 m - a scroll of fear {unknown}
 p - a scroll of teleportation {unknown}
 q - a scroll of enchant weapon {unknown}
 s - a scroll of random uselessness {unknown}
Potions
 d - 2 potions of might
 f - 4 potions of curing {unknown}
 g - 2 potions of degeneration {unknown}
 n - a potion of resistance {unknown}


   Skills:
 + Level 4.0 Fighting
 * Level 4.1 Axes
 + Level 4.1 Armour
 + Level 0.4 Dodging
 + Level 4.0 Shields


You had 4 spell levels left.
You didn't know any spells.
Your spell library was empty.

Dungeon Overview and Level Annotations

Branches:
Dungeon (4/15)
 Temple: D:4-7

Altars:


Innate Abilities, Weirdness & Mutations

You are resistant to torment.
Your stone body is resilient. (AC +4)
You are immune to poison.
You resist negative energy. (rN+)
You are resistant to electric shocks. (rElec)
You can survive without breathing.
You are immune to petrification.
You are immune to miasma.


Message History

The orc priest invokes the aid of Beogh against you.
You resist with some effort.
You hit the orc priest.
The orc priest is almost dead.
You miss something. Something hits you but does no damage.
You block the orc priest's attack.
You hear some strange, mumbled words.
A magic dart appears from out of thin air!
The magic dart hits you!
The orc priest calls down the wrath of Beogh upon you.
Beogh smites you!
* * * LOW HITPOINT WARNING * * *
You barely miss the orc priest.
The orc priest is almost dead.
You barely miss something. Something hits you.
* * * LOW HITPOINT WARNING * * *
The orc priest hits you but does no damage.
Something hits you.
* * * LOW HITPOINT WARNING * * *
You barely miss the orc priest.
The orc priest is almost dead.
You barely miss something. The orc priest closely misses you.
You block something's attack. The orc priest barely misses you.
You hit the orc priest.
You kill the orc priest!
You hit something. Something hits you but does no damage. Something hits you.
Your Fighting skill increases to level 4!
Your Axes skill increases to level 4!
Unknown command.
You hit the orc.
The orc is almost dead.
You barely miss something. You block the orc's attack.
Something hits you but does no damage. The orc hits you but does no damage.
You slash the orc!
You kill the orc!
You closely miss something. Something hits you but does no damage.
You hear some strange, mumbled words.
A puff of flame appears from out of thin air!
The puff of flame hits you!
You die...

#..## ##.......##
....####.....).).####..
.......'......)..'.....
#...####.........####...
##.## ##...............
#### ##.....#.#####.# #
##...##.# # ##'###.# .
#.# #@# # #.....{[#
#.#.##... #.### .. .#.
.#. . ..


There were no monsters in sight!

Vanquished Creatures
  2 orc priests (D:4)
  Ijyb (D:4)
  An orc wizard (D:4)
  4 adders
  An ooze (D:2)
  3 worms
  A dart slug (D:2)
  A leopard gecko (D:2)
  7 orcs (D:4)
  4 bats
  2 giant cockroaches
  5 goblins
  10 hobgoblins
  2 frilled lizards
  5 kobolds
  A leopard gecko skeleton (D:4)
  5 rats
55 creatures vanquished.

Notes
Turn   | Place    | Note
-------+----------+-------------------------------------------
     0 | D:1      | foci the Gargoyle Fighter began the quest for the Orb.
     0 | D:1      | Reached XP level 1. HP: 14/14 MP: 1/1
   435 | D:1      | Reached XP level 2. HP: 19/19 MP: 2/2
  1180 | D:2      | Reached XP level 3. HP: 23/23 MP: 3/3
  2155 | D:3      | Reached XP level 4. HP: 29/29 MP: 4/4
  2808 | D:4      | Noticed Ijyb
  2820 | D:4      | Killed Ijyb
  2821 | D:4      | Reached XP level 5. HP: 18/33 MP: 5/5
  3406 | D:4      | Killed from afar by an orc wizard

Illustrated notes

Levels and vault maps discovered:
D:1:      dpeg_arrival_snail, layout_loops_corners
D:2:      layout_basic
D:3:      layout_basic
D:4:      layout_loops_corners, grunt_decor_resistance, uniq_ijyb

Skill      XL: |  1  2  3  4  5 |
---------------+----------------+-----
Axes           | 2 3 4 |  4.1
Armour         | 4 |  4.1
Shields        | 4 |  4.0
Fighting       | 4 |  4.0
Dodging        | |  0.4

Action                   |  1- 3 |  4- 6 || total
-------------------------+-------+-------++-------
Melee: War axe           |    78 |    97 ||   175
Armor: Scale mail        |    33 |    53 ||    86
Dodge: Dodged            |    27 |    29 ||    56
Block: Kite shield       |    45 |    57 ||   102

Table legend: (Time is in decaauts)
 A = Elapsed time spent in this place.
 B = Non-inter-level travel time spent in this place.
 C = Inter-level travel time spent in this place.
 D = Time resting spent in this place.
 E = Time spent auto-exploring this place.
 F = Levels seen in this place.
 G = Mean time per level.
                   A        B        C        D        E       F      G
               +--------+--------+--------+--------+--------+-----+--------+
         Total |   3506 |   3377 |    129 |      0 |   2720 |   4 |  876.5 |
       Dungeon |   3506 |   3377 |    129 |      0 |   2720 |   4 |  876.5 |
               +--------+--------+--------+--------+--------+-----+--------+

Top non-repeatable levels by time:
     D:2: 1156 daAuts
     D:1: 1035 daAuts
     D:3: 687 daAuts
     D:4: 627 daAuts
